 Dungeon Crawl Stone Soup version 0.29.0-4-gdea44cf6ec (webtiles) character file.

Game seed: 14160772784304253679

266492 Flugkiller the Slayer (level 18, -11/202 HPs)
             Began as a Minotaur Fighter on Aug 27, 2022.
             Was an Initiate of Gozag.
             Mangled by an ettin
             ... wielding a +0 dire flail
              (19 damage)
             ... while paralysed by a great orb of eyes
             ... on level 1 of the Depths.
             The game lasted 00:21:17 (31981 turns).

Flugkiller the Slayer (Minotaur Fighter)           Turns: 31981, Time: 00:21:18

Health: -11/202    AC: 26    Str: 28    XL:     18   Next: 88%
Magic:  12/15      EV:  2    Int:  8    God:    Gozag
Gold:   5416       SH:  0    Dex: 17    Spells: 17/17 levels left

rFire   + + +      SeeInvis .   a - +8 broad axe (distort)
rCold   + . .      Faith    .   o - +3 kite shield {rF+}
rNeg    . . .      Spirit   .   R - +2 plate armour {rC+}
rPois   +          Reflect  +   (helmet restricted)
rElec   .          Harm     .   V - +0 cloak "Ukuanil" {Regen+ Str+4 Int+4}
rCorr   .          Rampage  +   I - +2 pair of gloves
Will    +....                   e - +2 pair of boots {rampage}
Stlth   ..........              U - amulet of reflection
HPRegen 1.23/turn               Z - ring "Cefuup" {rPois rF+ Int+2 Dex+6}
MPRegen 0.14/turn               H - ring "Joifepp" {rF+ AC+4 Int-5 Stlth+}

@: paralysed, corroded
A: horns 2, retaliatory headbutt, clumsy 1, low MP 1, robust 1
}: 3/15 runes: serpentine, barnacled, abyssal
a: Renounce Religion, Potion Petition, Call Merchant, Bribe Branch


You were on level 1 of the Depths.
You worshipped Gozag.
Gozag was greatly pleased with you.
You visited 7 branches of the dungeon, and saw 32 of its levels.
You visited the Abyss 1 time.
You also visited: Sewer, Bailey and Gauntlet.

You collected 11146 gold pieces.
You spent 2177 gold pieces at shops.
You paid 3553 gold pieces to Gozag.

Inventory:

Hand Weapons
 a - a +8 broad axe of distortion (weapon)
   (You found it in a bailey)
Missiles
 P - 2 throwing nets (quivered)
Armour
 e - a +2 pair of boots of rampaging (worn)
   (You bought it in a shop on level 3 of the Dungeon)
 o - a +3 kite shield of fire resistance (worn)
   (You took it off a tengu warrior on level 15 of the Dungeon)
 I - a +2 pair of gloves (worn)
   (You found it on level 4 of the Dungeon)
 R - a +2 plate armour of cold resistance (worn)
   (You took it off a minotaur in a Gauntlet)
 T - a scarf of resistance
   (You bought it in a shop on level 12 of the Dungeon)
 V - the +0 cloak "Ukuanil" (worn) {Regen+ Str+4 Int+4}
   (You found it on level 13 of the Dungeon)

   Str:       It affects your strength (+4).
   Int:       It affects your intelligence (+4).
   Regen:     It increases your rate of health regeneration.
Jewellery
 f - a ring of protection from fire
   (You found it on level 4 of the Lair of Beasts)
 i - a ring of see invisible
   (You found it on level 2 of the Dungeon)
 j - the ring of Zuk Vufitae {*Corrode Will+ Str+8 Dex-3 Slay+2}
   (You took it off a hobgoblin on level 2 of the Dungeon)

   [ring of willpower]

   Str:       It affects your strength (+8).
   Dex:       It affects your dexterity (-3).
   Slay:      It affects your accuracy & damage with ranged weapons and melee
   (+2).
   *Corrode:  It may corrode you when you take damage.
   Will:      It increases your willpower.
 k - a ring of resist corrosion
   (You found it on level 14 of the Dungeon)
 m - a ring of willpower
   (You found it in a Gauntlet)
 v - a +4 ring of evasion
   (You found it on level 3 of the Shoals)
 x - a +6 ring of intelligence
   (You found it on level 1 of the Depths)
 H - the ring "Joifepp" (right hand) {rF+ AC+4 Int-5 Stlth+}
   (You found it in a Gauntlet)

   [ring of protection]

   AC:        It affects your AC (+4).
   Int:       It affects your intelligence (-5).
   rF:        It protects you from fire.
   Stlth:     It makes you more stealthy.
 U - an amulet of reflection (around neck)
   (You found it on level 1 of the Lair of Beasts)
 X - the amulet of the Exceptional Tomato {+Blink Regen+ Int+3}
   (You took it off a death knight on level 13 of the Dungeon)

   [amulet of regeneration]

   Int:       It affects your intelligence (+3).
   +Blink:    It lets you blink.
   Regen:     It increases your rate of health regeneration.
 Y - the ring of Attitude {Fire +Blink rCorr Int+2 SInv}
   (You took it off a deep elf archer on level 13 of the Dungeon)

   [ring of fire]

   It enhances your fire magic.
   Int:       It affects your intelligence (+2).
   rF:        It protects you from fire.
   rC:        It makes you vulnerable to cold.
   SInv:      It lets you see invisible.
   +Blink:    It lets you blink.
   rCorr:     It protects you from acid and corrosion.
 Z - the ring "Cefuup" (left hand) {rPois rF+ Int+2 Dex+6}
   (You took it off a deep elf pyromancer on level 13 of the Dungeon)

   [ring of dexterity]

   Int:       It affects your intelligence (+2).
   Dex:       It affects your dexterity (+6).
   rF:        It protects you from fire.
   rPois:     It protects you from poison.
Wands
 g - a wand of digging (6)
   (You took it off a centaur on level 12 of the Dungeon)
 C - a wand of acid (26)
   (You found it on level 12 of the Dungeon)
 J - a wand of roots (20)
   (You took it off a kobold on level 8 of the Dungeon)
 K - a wand of mindburst (18)
   (You found it on level 8 of the Dungeon)
 N - a wand of paralysis (16)
   (You found it on level 9 of the Dungeon)
Scrolls
 l - 7 scrolls of magic mapping
 p - 6 scrolls of fog
 r - 22 scrolls of identify
 t - 11 scrolls of teleportation
 u - 2 scrolls of summoning
 y - 8 scrolls of immolation
 z - a scroll of blinking
 B - a scroll of brand weapon
 E - 6 scrolls of fear
 O - 8 scrolls of vulnerability
 Q - 3 scrolls of silence
Potions
 b - 7 potions of flight
 c - 2 potions of mutation
 d - 2 potions of might
 h - 4 potions of haste
 n - 2 potions of resistance
 q - 4 potions of curing
 s - a potion of berserk rage
 w - 5 potions of heal wounds
 A - 2 potions of ambrosia
 G - 6 potions of lignification
 L - 2 potions of magic
 M - a potion of cancellation
 W - a potion of invisibility
Miscellaneous
 F - a condenser vane
   (You found it on level 2 of the Shoals)
 S - a phantom mirror
   (You found it in a Gauntlet)


   Skills:
 + Level 22.0 Fighting
 - Level 18.0 Axes
 + Level 20.3 Armour
 + Level 10.3 Dodging
 - Level 16.0 Shields
 + Level 10.4 Evocations


You had 17 spell levels left.
You didn't know any spells.
Your spell library was empty.

Dungeon Overview and Level Annotations

Branches:
Dungeon (15/15)            Temple (1/1) D:5            Lair (5/5) D:10
 Shoals (4/4) Lair:3        Snake (4/4) Lair:2        Slime (0/5) Lair:5
    Orc (2/2) D:12            Elf (0/3) Orc:2        Vaults (0/5) D:13
 Depths (1/4) D:15          Sewer (visited)          Bailey (visited)
Gauntlet (visited)

Altars:
Ashenzari
Cheibriados
Dithmenos
Elyvilon
Fedhas
Gozag
Hepliaklqana
Kikubaaqudgha
Makhleb
Nemelex Xobeh
Okawaru
Qazlal
Ru
Sif Muna
Trog
Uskayaw
Vehumet
Wu Jian
Xom
Yredelemnul
Zin
The Shining One
Jiyva

Shops:
D:2 :   D:3 :*?[*   D:10 (   D:12 [   D:13 ?   Orc:2 ![*![?[

Annotations:
Temple 2 transporters
Lair:2 exclusion: oklob plant
Shoals:4 Roxanne


Innate Abilities, Weirdness & Mutations

You have a pair of horns on your head.
You reflexively headbutt those who attack you in melee.
You are clumsy. (Dex -2)
Your magical capacity is low. (-10% MP)
You are robust. (+10% HP)


Message History

You block the azure jelly's attack.
The azure jelly hits you but does no damage.
You block the azure jelly's attack.
The azure jelly hits you but does no damage.
The golden eye blinks at you. You resist with almost no effort.
You hit the azure jelly.
The azure jelly is heavily wounded.
The azure jelly blinks!
You slash the great orb of eyes!
Space warps around the great orb of eyes.
You headbutt the great orb of eyes.
The great orb of eyes is moderately wounded.
The great orb of eyes gazes at you.
You suddenly lose the ability to move!
The great orb of eyes bites you but does no damage.
The rockslime hits you but does no damage.
The azure jelly hits you. The azure jelly freezes you! You resist.
The azure jelly hits you but does no damage. x3
The great orb of eyes is distracted by your dazzling golden aura.
The great orb of eyes gazes at you.
You feel your power leaking away. The rockslime hits you!
You are shoved backwards!
The golden eye blinks at you. You resist with almost no effort.
The rockslime hits you!
You hold your ground!
The azure jelly hits you but does no damage. x3
The azure jelly hits you. The golden eye blinks at you.
You resist with almost no effort. The rockslime hits you!
You hold your ground!
The great orb of eyes bites you but does no damage.
The azure jelly hits you but does no damage. x3
The azure jelly hits you!
* * * LOW HITPOINT WARNING * * *
The golden eye blinks at you.
You are confused.
You can move again.
Unknown command.
Unknown command.
You are too confused!
Unknown command.
Unknown command.
Unknown command.
Unknown command.
Unknown command.
You feel better. You block the rockslime's attack. The azure jelly hits you.
The azure jelly freezes you! You resist.
* * * LOW HITPOINT WARNING * * *
The azure jelly barely misses you.
The azure jelly hits you but does no damage.
You block the azure jelly's attack. The great orb of eyes gazes at you.
You are confused.
You feel better.
The great orb of eyes turns its gaze towards you.
You block the rockslime's attack. You block the azure jelly's attack. x2
The azure jelly hits you but does no damage. x2
The great orb of eyes bites you.
* * * LOW HITPOINT WARNING * * *
As you read the scroll of teleportation, it crumbles to dust.
You feel strangely unstable. The golden eye blinks at you.
You resist with almost no effort. You block the rockslime's attack.
The azure jelly barely misses you. You block the azure jelly's attack.
The azure jelly barely misses you. You block the azure jelly's attack.
The great orb of eyes bites you but does no damage.
The golden eye blinks at you. You resist with almost no effort.
The rockslime hits you but does no damage.
You feel much better.
The azure jelly hits you but does no damage.
The azure jelly closely misses you. You block the azure jelly's attack. x2
The golden eye blinks at you.
You easily resist.
The great orb of eyes gazes at you.
You suddenly lose the ability to move!
The rockslime hits you but does no damage.
The azure jelly hits you but does no damage.
The azure jelly barely misses you. The azure jelly hits you.
The azure jelly hits you but does no damage.
Your surroundings suddenly seem different.
An ettin and a fire dragon come into view.
The fire dragon roars deafeningly!
You hear a horrible gurgling sound! x3
The ettin hits you with a +0 dire flail!! x2
* * * LOW HITPOINT WARNING * * *
A brown ugly thing comes into view.
The fire dragon breathes flames at you. The blast of flame hits you.
You resist.
* * * LOW HITPOINT WARNING * * *
The ettin hits you but does no damage.
The ettin hits you with a +0 dire flail.
* * * LOW HITPOINT WARNING * * *
The fire dragon bites you but does no damage.
The fire dragon claws you but does no damage.
The fire dragon tramples you but does no damage.
A brown ugly thing comes into view.
The ettin hits you with a +0 dire flail!!
* * * LOW HITPOINT WARNING * * *
The ettin hits you with a +0 dire flail!!
You die...
Your body crumbles into a pile of gold.

..........u.≈≈≈
...........≈≈≈≈
........u..≈≈≈≈
...........≈≈≈≈
...........≈≈≈≈
...........≈≈≈#
............≈≈#
......D@....≈≈#
........C....##
...............
...............
$
...............
...............
...........##.#
..#..###..## ##


You could see a fire dragon (catching breath), 2 ugly things and an ettin.

Vanquished Creatures
  Vashnia (Abyss:4)
  Nikola (Shoals:4)
  A tentacled monstrosity (Abyss:4)
  Polyphemus (Shoals:4)
  Asterion (Depths:1)
  An acid blob (Depths:1)
  A thorn hunter (Abyss:4)
  Agnes (Snake:4)
  Donald (Orc:1)
  A tentacled starspawn (Abyss:4)
  6 nagarajas (Snake:4)
  A ghost moth (Shoals:4)
  2 frost giants (Depths:1)
  Louise (Shoals:4)
  An orc warlord (Bailey)
  A stone giant (Depths:1)
  6 very ugly things
  An entropy weaver (Abyss:4)
  3 spark wasps
  A minotaur (Gauntlet)
  4 merfolk javelineers
  3 ettins
  11 merfolk impalers
  A fire dragon (Lair:5)
  Josephine (Shoals:1)
  5 hydras
  A salamander tyrant (Snake:4)
  A catoblepas (Shoals:4)
  3 ice dragons
  2 merfolk avatars
  A death knight (D:13)
  A spriggan air mage (Depths:1)
  An alligator snapping turtle (Shoals:4)
  3 two-headed ogres
  7 centaur warriors
  2 boulder beetles
  7 anacondas
  6 death yaks
  A merfolk aquamancer (Shoals:4)
  A deep troll shaman (D:15)
  2 tengu warriors (D:15)
  6 naga warriors
  3 shock serpents
  4 deep troll earth magi
  2 thrashing horrors (Abyss:4)
  Sonja (D:10)
  An iron troll (D:15)
  4 orc high priests (Orc:2)
  A hell knight (D:15)
  3 salamander mystics (Snake:4)
  6 naga sharpshooters
  2 skeletal warriors (D:13)
  A swamp dragon (Lair:5)
  A deep troll (shapeshifter) (Depths:1)
  5 sea snakes (Shoals:4)
  A kraken simulacrum (Shoals:4)
  6 naga ritualists
  A deep elf archer (D:13)
  6 deep trolls
  A flayed ghost (Shoals:4)
  A lindwurm (Lair:5)
  A wizard (D:15)
  26 harpies
  3 orc knights
  4 mana vipers
  4 deep elf pyromancers
  5 orc sorcerers
  3 cyclopes (D:13)
  A spectral deep troll (Depths:1)
  2 worldbinders
  9 manticores
  9 salamanders
  7 ugly things
  7 fauns
  4 merfolk sirens
  4 elephants (Lair:5)
  14 naga magi
  7 guardian serpents
  15 black mambas
  Joseph (Lair:1)
  11 water nymphs
  An apocalypse crab (Abyss:4)
  An unseen horror (D:13)
  5 torpor snails
  3 centaur skeletons (D:13)
  3 gargoyles
  A large abomination (Abyss:4)
  3 rime drakes
  2 kobold demonologists
  10 komodo dragons
  A tengu conjurer (D:15)
  12 cane toads
  8 yaktaurs
  Maggie (Lair:1)
  34 merfolk
  9 trolls
  A polar bear (Lair:4)
  A wolf spider simulacrum (D:13)
  12 hornets
  4 wind drakes
  4 tyrant leeches
  A harpy skeleton (Abyss:4)
  6 slime creatures
  A raiju (Gauntlet)
  3 dream sheep (Lair:2)
  11 snapping turtles
  16 blink frogs
  A centaur simulacrum (D:13)
  A spriggan (Depths:1)
  5 water elementals (Shoals:4)
  6 wyverns
  8 wraiths
  A yak (shapeshifter) (D:15)
  30 yaks
  A shadow (D:12)
  6 basilisks
  5 steam dragons
  2 wargs (Orc:2)
  2 acid dragons
  26 nagas
  13 vampire mosquitoes
  A small abomination (Abyss:4)
  A two-headed ogre zombie (D:12)
  2 hell hounds (Orc:2)
  10 water moccasins
  3 swamp drakes (Lair:5)
  2 black bears
  3 sky beasts
  Pargi (Sewer)
  29 orc warriors
  An ice beast (D:6)
  5 ogres
  4 centaurs
  2 boggarts (Gauntlet)
  8 wolves
  3 phantoms
  8 kobold brigands
  14 bullfrogs
  3 scorpions
  A gnoll sergeant (D:10)
  5 wights
  A troll zombie (D:12)
  3 killer bees (D:9)
  A vampire bat (D:5)
  17 electric eels
  5 howler monkeys
  4 lava snakes (Lair:2)
  3 gnoll boudas
  2 jellies
  29 orc priests
  An iron imp (Abyss:4)
  9 iguanas
  Natasha (thrice) (D:4)
  17 orc wizards
  Ijyb (D:5)
  4 ogre zombies (D:12)
  30 gnolls
  3 adders
  A shadow imp (D:6)
  3 white imps (D:7)
  3 ufetubi
  2 worms
  2 dart slugs
  3 fire bats (D:5)
  77 orcs
  2 spectral bats (D:5)
  3 bat skeletons (D:5)
  A bat zombie (D:5)
  6 endoplasms
  2 giant cockroaches
  16 goblins
  15 hobgoblins
  9 jackals
  5 quokkas
  6 ball pythons
  12 bats
  A bat simulacrum (D:5)
  A frilled lizard (D:3)
  4 goblin zombies (D:12)
  2 hobgoblin zombies (D:12)
  26 kobolds
  3 orc skeletons (D:12)
  16 orc zombies (D:12)
  4 rats
  A butterfly (Lair:3)
  3 starspawn tentacles (Abyss:4)
1019 creatures vanquished.

Vanquished Creatures (others)
  2 rakshasas (Depths:1)
  A merfolk aquamancer (Shoals:4)
  A shock serpent (Abyss:4)
  A merfolk siren (Shoals:4)
  A merfolk (Shoals:4)
  A naga (Snake:4)
  A gnoll bouda (D:7)
  An orc (D:10)
  16 fungi
  A lurking horror (Abyss:4)
  134 plants
  3 starspawn tentacles (Abyss:4)
  4 tentacles (Shoals:4)
167 creatures vanquished.

Grand Total: 1186 creatures vanquished

Notes
Turn   | Place    | Note
-------+----------+-------------------------------------------
     0 | D:1      | Flugkiller the Minotaur Fighter began the quest for the
                  | Orb.
     0 | D:1      | Reached XP level 1. HP: 19/19 MP: 0/0
   168 | D:1      | Reached XP level 2. HP: 20/27 MP: 1/1
   314 | D:1      | Found a faded altar of an unknown god.
   559 | D:1      | Reached skill level 4 in Fighting
  1149 | D:2      | Reached XP level 3. HP: 33/33 MP: 2/2
  1260 | D:2      | Found Hogeimeu's Book Shoppe.
  1390 | D:2      | Identified the ring of Zuk Vufitae {*Corrode Will+ Str+8
                  | Dex-3 Slay+2}
  1883 | D:3      | Found Juec's Book Boutique.
  1883 | D:3      | Found Jetucu's Assorted Antiques.
  1945 | D:3      | Bought a scroll labelled FAMUYN NEGI for 23 gold pieces
  1945 | D:3      | Bought a scroll labelled XAUTWAISIWU for 23 gold pieces
  1945 | D:3      | Bought a scroll labelled EWUK KANUNGOLYT for 23 gold pieces
  1974 | D:3      | Found Fequokhle's Magic Scroll Emporium.
  1979 | D:3      | Bought a scroll of identify for 28 gold pieces
  1997 | D:3      | Found Vekkate's Antique Armour Emporium.
  2004 | D:3      | Reached XP level 4. HP: 21/40 MP: 3/3
  2260 | D:3      | Found Ytug Efo's Assorted Antiques.
  2441 | D:3      | Found a bloodstained altar of Trog.
  2537 | D:4      | Noticed Natasha
  2550 | D:4      | Killed Natasha
  2551 | D:4      | Reached XP level 5. HP: 22/47 MP: 4/4
  2631 | D:4      | Noticed Natasha
  2638 | D:4      | Killed Natasha
  2639 | D:4      | Reached skill level 5 in Axes
  2718 | D:4      | Noticed Natasha
  2723 | D:4      | Killed Natasha
  2833 | D:4      | Noticed a black bear
  2837 | D:4      | Reached skill level 5 in Armour
  2839 | D:4      | Reached skill level 5 in Fighting
  2840 | D:4      | Killed a black bear
  2841 | D:4      | Reached XP level 6. HP: 50/56 MP: 5/5
  3023 | D:4      | Found a glowing drain.
  3086 | Sewer    | Entered a sewer
  3093 | Sewer    | Noticed Pargi
  3095 | Sewer    | Killed Pargi
  3321 | D:4      | Found a blossoming altar of Fedhas.
  3330 | D:4      | Found a burning altar of Makhleb.
  3440 | D:5      | Entered Level 5 of the Dungeon
  3670 | D:5      | Found a staircase to the Ecumenical Temple.
  3683 | D:5      | Noticed Ijyb
  3690 | D:5      | Killed Ijyb
  3691 | D:5      | Reached XP level 7. HP: 47/62 MP: 6/6
  3704 | Temple   | Entered the Ecumenical Temple
  3704 | Temple   | Found a transporter.
  3704 | Temple   | Found a transporter.
  3765 | Temple   | Found a transporter.
  3765 | Temple   | Found a transporter.
  3784 | Temple   | Became a worshipper of Gozag Ym Sagoz the Greedy
  3881 | D:5      | Found a shimmering altar of Xom.
  4077 | D:5      | Found a shimmering blue altar of Sif Muna.
  4281 | D:5      | Reached skill level 6 in Fighting
  4281 | D:5      | Reached skill level 1 in Evocations
  4509 | D:6      | Reached XP level 8. HP: 57/71 MP: 7/7
  5214 | D:3      | Bought a scroll labelled FAMUYN NEGI for 27 gold pieces
  5214 | D:3      | Bought a scroll labelled ZICAKL ERESOBA for 27 gold pieces
  5214 | D:3      | Bought a scroll labelled HOSIZIFAENO for 27 gold pieces
  5214 | D:3      | Bought a scroll labelled TAEFYIF OMAUBOE for 27 gold pieces
  5669 | D:7      | Reached skill level 7 in Fighting
  5780 | D:3      | Bought a pair of runed boots for 172 gold pieces
  6060 | D:7      | Found an iron altar of Okawaru.
  6117 | D:7      | Found a flagged portal.
  6140 | Bailey   | Entered a bailey
  6160 | Bailey   | Reached XP level 9. HP: 76/79 MP: 8/8
  6222 | Bailey   | Reached skill level 10 in Axes
  6246 | Bailey   | Reached skill level 8 in Fighting
  6633 | Bailey   | Noticed an orc warlord
  6634 | Bailey   | Noticed an orc knight
  6644 | Bailey   | Killed an orc knight
  6654 | Bailey   | Killed an orc warlord
  6655 | Bailey   | Reached XP level 10. HP: 43/90 MP: 9/9
  6691 | Bailey   | Reached XP level 11. HP: 52/95 MP: 10/10
  6981 | D:7      | Found a sacrificial altar of Ru.
  7111 | D:7      | Reached skill level 5 in Evocations
  7442 | D:7      | Reached skill level 9 in Fighting
  7973 | D:7      | You fall into a shaft and drop 1 floor!
  8555 | D:8      | Found a white marble altar of Elyvilon.
  8702 | D:9      | Noticed a two-headed ogre
  8707 | D:9      | Killed a two-headed ogre
  9867 | D:10     | Entered Level 10 of the Dungeon
  9909 | D:10     | Found a hide-covered altar of Uskayaw.
  9926 | D:10     | Found a staircase to the Lair.
  9934 | D:10     | Found Edghuentu's Antique Weapon Emporium.
 10484 | D:10     | Noticed a boulder beetle
 10759 | D:10     | Killed a boulder beetle
 11015 | D:10     | Reached skill level 10 in Armour
 11124 | D:10     | Noticed Sonja
 11126 | D:10     | Killed Sonja
 11127 | D:10     | Reached skill level 10 in Fighting
 12042 | D:11     | Identified the +0 scale mail of Xuvoq {rCorr Str+3}
 12160 | D:11     | Reached XP level 12. HP: 93/106 MP: 11/11
 12284 | D:11     | Reached skill level 5 in Shields
 12744 | D:12     | Noticed a boulder beetle
 12750 | D:12     | Killed a boulder beetle
 12807 | D:12     | Found a gate leading to a gauntlet.
 12848 | Gauntlet | Entered a Gauntlet
 12848 | Gauntlet | Found a runed translucent door.
 12848 | Gauntlet | Found a transporter.
 12848 | Gauntlet | Found a runed translucent door.
 12848 | Gauntlet | Found a transporter.
 12885 | Gauntlet | Found a runed translucent door.
 12888 | Gauntlet | Found a transporter.
 12890 | Gauntlet | Found a transporter.
 12898 | Gauntlet | Found a transporter.
 12902 | Gauntlet | Found a transporter.
 12919 | Gauntlet | Found a transporter.
 12923 | Gauntlet | Noticed a death yak
 12924 | Gauntlet | Noticed a death yak
 12924 | Gauntlet | Noticed a death yak
 12925 | Gauntlet | Noticed a death yak
 12925 | Gauntlet | Noticed a death yak
 12926 | Gauntlet | Found a transporter.
 12940 | Gauntlet | Found a transporter.
 12944 | Gauntlet | Found a transporter.
 12952 | Gauntlet | Found a transporter.
 12956 | Gauntlet | Found a transporter.
 13046 | Gauntlet | Identified the ring "Joifepp" {rF+ AC+4 Int-5 Stlth+}
 13081 | Gauntlet | Identified the +8 shortbow "Joxili" {vorpal, rElec rF++ rC-
                  | Stlth+}
 13081 | Gauntlet | Identified the +5 war axe "Killer Klown's Regret" {freeze,
                  | Int+4 Dex+3}
 13081 | Gauntlet | Noticed a minotaur
 13085 | Gauntlet | Reached skill level 13 in Fighting
 13085 | Gauntlet | Reached XP level 13. HP: 123/123 MP: 12/12
 13092 | Gauntlet | Killed a minotaur
 13093 | Gauntlet | Reached skill level 14 in Fighting
 13255 | D:12     | Found Zyutadwu's Antique Armour Shoppe.
 13261 | D:12     | Bought an embroidered scarf for 176 gold pieces
 13348 | D:12     | Found a staircase to the Orcish Mines.
 14155 | Lair:1   | Entered Level 1 of the Lair of Beasts
 14163 | Lair:1   | Noticed Joseph
 14172 | Lair:1   | Killed Joseph
 14439 | Lair:1   | Noticed Maggie
 14458 | Lair:1   | Killed Maggie
 14982 | Lair:2   | Found a staircase to the Snake Pit.
 15600 | Lair:2   | You fall into a shaft and drop 1 floor!
 15655 | Lair:3   | Reached skill level 15 in Fighting
 16670 | Lair:3   | Reached XP level 14. HP: 129/135 MP: 13/13
 16963 | Lair:3   | Found a staircase to the Shoals.
 17662 | Lair:4   | Reached skill level 10 in Shields
 17663 | Lair:4   | Reached skill level 16 in Fighting
 18265 | Lair:5   | Entered Level 5 of the Lair of Beasts
 18855 | Lair:5   | Found a runed translucent door.
 19106 | Lair:5   | Reached skill level 17 in Fighting
 19120 | Lair:5   | Paralysed by a hornet for 3 turns
 19423 | Lair:5   | Reached skill level 15 in Armour
 19891 | Lair:5   | Found a staircase to the Slime Pits.
 19891 | Lair:5   | Found a viscous altar of Jiyva.
 20176 | Lair:5   | Found an ancient bone altar of Kikubaaqudgha.
 20827 | D:13     | Identified the +0 cloak "Ukuanil" {Regen+ Str+4 Int+4}
 20838 | D:13     | Reached XP level 15. HP: 149/149 MP: 14/14
 21095 | D:13     | Found Ytseomiatoh's Magic Scroll Shop.
 21103 | D:13     | Bought a scroll of enchant weapon for 105 gold pieces
 21103 | D:13     | Bought a scroll of fog for 56 gold pieces
 21103 | D:13     | Bought a scroll of fear for 56 gold pieces
 21103 | D:13     | Bought a scroll of magic mapping for 105 gold pieces
 21103 | D:13     | Bought a scroll of teleportation for 42 gold pieces
 21205 | D:13     | Reached skill level 18 in Fighting
 21488 | D:13     | Identified the amulet of the Exceptional Tomato {+Blink
                  | Regen+ Int+3}
 21488 | D:13     | Identified the ring "Cefuup" {rPois rF+ Int+2 Dex+6}
 21661 | D:13     | Identified the ring of Attitude {Fire +Blink rCorr Int+2
                  | SInv}
 21733 | D:13     | Identified the ring "Gewiduexti" {rN+ Int+4}
 21958 | D:13     | Found a gate to the Vaults.
 22336 | D:14     | Reached skill level 19 in Fighting
 22794 | D:15     | Entered Level 15 of the Dungeon
 22893 | D:15     | Found a staircase to the Depths.
 23630 | Orc:1    | Entered Level 1 of the Orcish Mines
 23737 | Orc:2    | Entered Level 2 of the Orcish Mines
 23750 | Orc:2    | Noticed Donald
 23889 | Orc:1    | Killed Donald
 24264 | Orc:2    | Found Taf Pey's Assorted Antiques.
 24264 | Orc:2    | Found Pogga's Distillery.
 24268 | Orc:2    | Found Buil's Distillery.
 24268 | Orc:2    | Found Juolla's Armour Shop.
 24308 | Orc:2    | Bought a potion of haste for 170 gold pieces
 24308 | Orc:2    | Bought 2 potions of haste for 340 gold pieces
 24309 | Orc:2    | Bought a scroll of enchant armour for 225 gold pieces
 24310 | Orc:2    | Bought a potion of resistance for 110 gold pieces
 24310 | Orc:2    | Bought 2 potions of resistance for 220 gold pieces
 24399 | Orc:2    | Found a staircase to the Elven Halls.
 24417 | Orc:2    | Paralysed by an orc sorcerer for 4 turns
 24506 | Orc:2    | Paralysed by an orc sorcerer for 2 turns
 24514 | Orc:2    | Reached XP level 16. HP: 158/161 MP: 15/15
 24800 | Orc:2    | Bought a pair of glowing gloves for 195 gold pieces
 24911 | Snake:1  | Entered Level 1 of the Snake Pit
 25325 | Snake:3  | Noticed Vashnia
 25327 | Snake:3  | Banished Vashnia
 25910 | Snake:4  | Entered Level 4 of the Snake Pit
 26015 | Snake:4  | Reached skill level 15 in Shields
 26354 | Snake:4  | Noticed Agnes
 26371 | Snake:4  | Killed Agnes
 26414 | Snake:4  | Reached skill level 1 in Dodging
 26454 | Snake:4  | Identified the +3 leather armour of Foolhardiness {Rampage}
 27009 | Snake:4  | Reached skill level 20 in Fighting
 27030 | Snake:4  | Reached XP level 17. HP: 85/170 MP: 16/16
 27297 | Snake:4  | Got a serpentine rune of Zot
 27342 | Snake:4  | Reached skill level 5 in Dodging
 27670 | Shoals:1 | Entered Level 1 of the Shoals
 27841 | Shoals:1 | Noticed Josephine
 27854 | Shoals:1 | Killed Josephine
 28162 | Shoals:2 | Identified the +3 scale mail "Cusis" {Int+8}
 28957 | Shoals:4 | Entered Level 4 of the Shoals
 29130 | Shoals:4 | Noticed Polyphemus
 29173 | Shoals:4 | Killed Polyphemus
 29259 | Shoals:4 | Reached skill level 21 in Fighting
 29264 | Shoals:4 | Noticed Nikola
 29279 | Shoals:4 | Killed Nikola
 29305 | Shoals:4 | Noticed Louise
 29307 | Shoals:4 | Reached XP level 18. HP: 118/182 MP: 17/17
 29359 | Shoals:4 | Killed Louise
 29584 | Shoals:4 | Identified Roxanne's Compendium of Earth
 29584 | Shoals:4 | Noticed Roxanne
 29881 | Shoals:4 | Identified the +1 robe of Hairiness {Str+7}
 30040 | Shoals:4 | Got a barnacled rune of Zot
 30072 | Abyss:4  | Noticed a tentacled monstrosity
 30072 | Abyss:4  | Cast into level 4 of the Abyss (unwielding a weapon of
                  | distortion)
 30087 | Abyss:4  | Gained mutation: You are robust. (+10% HP) [mutagenic glow]
 30116 | Abyss:4  | Gained mutation: Your magical capacity is low. (-10% MP)
                  | [mutagenic glow]
 30117 | Abyss:4  | Killed a tentacled monstrosity
 30141 | Abyss:4  | Killed Vashnia
 30201 | Abyss:4  | Got an abyssal rune of Zot
 30207 | Shoals:4 | Escaped the Abyss
 30860 | Depths:1 | Entered Level 1 of the Depths
 30867 | Depths:1 | Noticed Asterion
 31062 | Depths:1 | Reached skill level 10 in Evocations
 31268 | Depths:1 | Gained mutation: You are clumsy. (Dex -2) [a cacodemon]
 31443 | D:15     | Reached skill level 10 in Dodging
 31576 | Depths:1 | Killed Asterion
 31831 | Depths:1 | Reached skill level 22 in Fighting
 31970 | Depths:1 | Paralysed by a great orb of eyes for 4 turns
 31978 | Depths:1 | Paralysed by a great orb of eyes for 5 turns
 31981 | Depths:1 | HP: 8/202 [ettin/+0 dire flail (18)]
 31981 | Depths:1 | Mangled by an ettin

Illustrated notes

Levels and vault maps discovered:
D:1:      evilmike_arrival_crescent, layout_basic, basic_ecumenical_altar,
          nicolae_hexahallways
D:2:      layout_basic, serial_shops, nicolae_shop_stone
D:3:      layout_rooms, lemuel_round_altar, serial_shops, shop, shop,
          shop_statue, shop, shop, chequers_serial_rivers_room_b
D:4:      layout_rooms, mainiacjoe_overflow_swirl, portal_sewer_entry_e,
          uniq_natasha
D:5:      layout_loops_ring, mainiacjoe_overflow_brackets, tgw_xom,
          minmay_temple_entry_junction, minmay_misc_feat_plants, goddamned_bats,
          uniq_ijyb
D:6:      layout_loops_ring, mrwooster_statue_mirror
D:7:      layout_gridville, mainiacjoe_overflow_surrounded_room,
          okawaru_metal_pillars_1_2, serial_bayou, serial_bayou_ford_a,
          serial_bayou_pond_b, serial_bayou_pond_b, serial_bayou_pond_c,
          enter_bailey_5, kennysheep_generic_room_13
D:8:      layout_loops_ring, lemuel_crystal_altar
D:9:      layout_basic, minmay_hedge_maze
D:10:     layout_roguey [special_room_orc], kennysheep_little_box,
          lair_entry_dummy, serial_shops, shop, serial_bayou,
          serial_bayou_shore_a, serial_bayou_pond_c, serial_bayou_crossing,
          serial_bayou_lagoon_b, uniq_sonja
D:11:     layout_basic, serial_curves, eino_curves_02, eino_curves_02,
          eino_curves_04
D:12:     layout_loops_ring, zombieorc2_lemuel, gauntlet_entry_generic,
          serial_shops, nicolae_shop_crystal, minivault_19
D:13:     minmay_the_grid_triangle_9x9_line_8_mashed
          [minmay_the_grid_triangle_9x9_negative_grid,
          minmay_the_grid_triangle_9x9_wacky_v,
          minmay_the_grid_triangle_9x9_flanged_cone,
          minmay_the_grid_triangle_9x9_steps,
          minmay_the_grid_triangle_9x9_semitri,
          minmay_the_grid_triangle_9x9_sprig,
          minmay_the_grid_triangle_9x9_sparse_checkered,
          minmay_the_grid_triangle_9x9_prize_special], layout_irregular_city,
          hangedman_vaults_entry_quadrant_bands, serial_shops,
          nicolae_square_shop, minmay_misc_feat_ornament
D:14:     layout_long_grid, reono_crystal_passage
D:15:     hangedman_depths_entry_civil_slaughter, layout_irregular_city,
          kennysheep_flooded_box
Temple:   hellmonk_temple_divided_pantheon
Lair:1:   layout_cave_shapes, grunt_megastairs_5, lemuel_fruit_tree,
          infiniplex_staircase_pool, uniq_joseph, uniq_maggie
Lair:2:   layout_roguey, minmay_snake_entry_guardpost_small,
          nicolae_lair_liquid_snakes, grunt_megastairs_4
Lair:3:   layout_misc_corridors, elwin_shoals_entry_rooms, st_stairs_11,
          lemuel_fruit_fields
Lair:4:   layout_roguey, grunt_megastairs_1
Lair:5:   wormcave, layout_cave_pods, guppyfry_lair_end_dragon, slime_entry_1,
          basic_altar, minivault_11
Shoals:1: layout_shoals, uniq_josephine
Shoals:2: layout_shoals, nicolae_shoals_nymph_descending_staircase
Shoals:3: layout_shoals, uniq_ilsuiw
Shoals:4: shoals_end_grunt_ice, layout_shoals, yaktaur_hedge, uniq_nikola,
          uniq_louise, uniq_polyphemus, uniq_roxanne
Snake:1:  gammafunk_sealed_library, layout_honeycomb,
          nicolae_snake_biting_tails, st_stairs_6, minmay_shop_grove
Snake:2:  layout_onion, serial_shops, nicolae_stop_n_shop_1, grunt_megastairs_3
Snake:3:  layout_chambers, uniq_vashnia
Snake:4:  johnstein_snake_rune_scales, layout_layer_cave, uniq_agnes
Orc:1:    layout_caves, gammafunk_ghost_smash, nicolae_orc_lost_temple
Orc:2:    st_orc_mages, layout_caves, enter_volcano_3, uniq_donald
Depths:1: layout_cave_shapes, special_room [special_room_jelly], hell_entry,
          grunt_decor_junction, hangedman_abyss_or_decor_stagger,
          nicolae_hepliaklqana_monster_ancestors, uniq_asterion

Skill      XL: |  1  2  3  4  5  6  7  8  9 10 11 12 13 14 15 16 17 18 |
---------------+-------------------------------------------------------+-----
Axes           | 3 4 5 6 8 9 11 16 17 18 | 18.0
Fighting       | 4 5 6 7 8 10 13 15 17 19 20 21 22 | 22.0
Armour         | 4 5 6 7 9 10 12 15 17 18 19 20 | 20.3
Evocations     | 1 3 4 6 8 10 | 10.4
Shields        | 4 5 8 10 12 16 | 16.0
Dodging        | 4 8 10 | 10.3

Action                   |  1- 3 |  4- 6 |  7- 9 | 10-12 | 13-15 | 16-18 || total
-------------------------+-------+-------+-------+-------+-------+-------++-------
Melee: War axe           |    88 |    75 |   193 |     1 |       |       ||   357
       Headbutt          |     9 |    10 |    31 |    38 |   188 |   258 ||   534
       Broad axe         |       |       |       |   242 |   917 |  1021 ||  2180
Invok: Potion Petition   |       |       |       |     1 |       |     1 ||     2
       Call Merchant     |       |       |       |       |       |     3 ||     3
Evoke: Wand              |       |       |     1 |     4 |       |     4 ||     9
       Condenser vane    |       |       |       |       |       |     1 ||     1
  Use: Scroll            |     2 |       |    10 |    11 |     8 |     8 ||    39
       Potion            |       |       |     6 |     2 |     1 |    14 ||    23
 Stab: Invisible         |       |       |     3 |       |       |       ||     3
       Distracted        |       |       |       |     1 |    10 |    13 ||    24
       Petrifying        |       |       |       |       |       |     2 ||     2
       Petrified         |       |       |       |       |       |     2 ||     2
       Paralysed         |       |       |       |       |       |     1 ||     1
Armor: Scale mail        |    30 |       |       |       |       |       ||    30
       Plate armour      |    28 |    45 |   109 |    77 |   364 |   454 ||  1077
Dodge: Dodged            |    33 |    21 |    46 |    58 |   169 |   244 ||   571
Block: Buckler           |    15 |    22 |    40 |    29 |   273 |       ||   379
       Reflection        |       |       |       |       |    35 |    88 ||   123
       Kite shield       |       |       |       |       |    98 |   967 ||  1065
